 Dungeon Crawl Stone Soup version 0.29.1-13-g9f3cf754e1 (webtiles) character file.

Game seed: 14493567058902096670

86 GigaChad the Trooper (level 4, -1/40 HPs)
             Began as a Minotaur Fighter on Jan 20, 2023.
             Slain by an orc
             ... wielding a +0 dagger
              (4 damage)
             ... on level 3 of the Dungeon.
             The game lasted 00:02:15 (1552 turns).

GigaChad the Trooper (Minotaur Fighter)             Turns: 1552, Time: 00:02:15

Health: -1/40      AC: 10    Str: 23    XL:     4   Next: 26%
Magic:  3/3        EV:  9    Int:  5    God:
Gold:   90         SH:  4    Dex:  9    Spells: 3/3 levels left

rFire   . . .      SeeInvis .   a - +0 war axe (vorpal)
rCold   . . .      Faith    .   c - +0 buckler
rNeg    . . .      Spirit   .   b - +0 scale mail
rPois   .          Reflect  .   (helmet restricted)
rElec   .          Harm     .   (no cloak)
rCorr   .          Rampage  .   l - +2 pair of gloves
Will    .....                   (no boots)
Stlth   ..........              (no amulet)
HPRegen 0.13/turn               (no ring)
MPRegen 0.08/turn               (no ring)

@: no status effects
A: horns 2, retaliatory headbutt
a: no special abilities


You were on level 3 of the Dungeon.
You visited 1 branch of the dungeon, and saw 3 of its levels.

You collected 90 gold pieces.

Inventory:

Hand Weapons
 a - a +0 vorpal war axe (weapon)
Missiles
 n - a throwing net (quivered)
Armour
 b - a +0 scale mail (worn)
 c - a +0 buckler (worn)
 l - a +2 pair of gloves (worn)
Jewellery
 q - a ring of flight
 s - a ring of positive energy
Scrolls
 g - a scroll of enchant armour {unknown}
 h - a scroll of acquirement {unknown}
 i - a scroll of fear {unknown}
 j - a scroll of immolation {unknown}
 o - 2 scrolls of identify {unknown}
 r - a scroll of poison {unknown}
 u - a scroll of silence {unknown}
 v - a scroll of enchant weapon {unknown}
 w - a scroll of fog {unknown}
Potions
 d - 2 potions of might
 e - a potion of curing {unknown}
 f - a potion of attraction {unknown}
 k - a potion of invisibility {unknown}
 m - 2 potions of flight {unknown}
 p - a potion of haste {unknown}
 t - a potion of mutation {unknown}


   Skills:
 + Level 4.2 Fighting
 + Level 3.7 Axes
 + Level 4.2 Armour
 + Level 0.7 Dodging
 + Level 4.2 Shields


You had 3 spell levels left.
You didn't know any spells.
Your spell library contained the following spells:

 Spells                   Type           Power      Damage    Failure   Level
 Slow                     Hex            0%         N/A       86%         1
 Confusing Touch          Hex            0%         N/A       99%         3
 Vampiric Draining        Necr           0%         2d6       99%         3


Dungeon Overview and Level Annotations

Branches:
Dungeon (3/15)

Altars:

Shops:
D:3 [


Innate Abilities, Weirdness & Mutations

You have a pair of horns on your head.
You reflexively headbutt those who attack you in melee.


Message History

You kill the dart slug!
You hit the dart slug.
The dart slug bites you but does no damage.
An orc comes into view. It is wielding a +0 dagger.
The orc shouts!
You slash the dart slug!
You kill the dart slug!
You hit the orc but do no damage. The orc hits you but does no damage. x2
The orc hits you with a +0 hand axe.
You closely miss the orc. You barely miss the orc. The orc closely misses you.
You furiously retaliate!
You headbutt the orc. The orc hits you but does no damage.
You closely miss the orc.
The orc is severely wounded.
You closely miss the orc. The orc hits you with a +0 mace.
The orc hits you but does no damage.
You slash the orc!
You kill the orc!
You barely miss the orc. The orc hits you with a +0 hand axe.
* * * LOW HITPOINT WARNING * * *
The orc completely misses you. You furiously retaliate!
You headbutt the orc. You closely miss the orc. You barely miss the orc.
You hit the orc but do no damage. The orc hits you but does no damage.
You block the orc's attack. x2
You barely miss the orc. Your headbutt misses the orc.
You hit the orc but do no damage. x2; The orc hits you but does no damage. x2
The orc closely misses you. You furiously retaliate!
You headbutt the orc!
You kill the orc!
The orc hits you but does no damage. The orc barely misses you.
You barely miss the orc. You hit the orc. You hit the ball python.
You kill the ball python!
The orc hits you with a +0 falchion.
* * * LOW HITPOINT WARNING * * *
The orc hits you with a +0 dagger.
* * * LOW HITPOINT WARNING * * *
You closely miss the orc. You hit the quokka. You closely miss the orc.
The quokka bites you.
* * * LOW HITPOINT WARNING * * *
The orc closely misses you. The orc hits you with a +0 dagger.
You die...

...... .!... #...# #=..# #
##...###.. ##≈ #.
........# #.≈≈
###.#####or..# #≈≈~~
#........o@# #≈≈≈w~
#..#.#.....# ##### w#≈≈≈≈
#......#...# #...###≈≈≈≈≈≈
.##.....######.#.##~~≈≈≈##
####.>)))....#∩.<†~~≈≈≈~
###)##.#####...≈~~≈≈~
#.##<.# ###~≈≈~~~~
........ #~≈≈≈#≈≈
#......... ##≈#≈≈≈#


You could see 2 orcs and a quokka.

Vanquished Creatures
  Robin (D:3)
  4 dart slugs
  4 orcs (D:3)
  5 ball pythons
  2 endoplasms
  3 giant cockroaches
  10 goblins
  6 hobgoblins
  9 jackals
  A quokka (D:2)
  5 bats
  A frilled lizard (D:1)
  2 kobolds
  3 rats
56 creatures vanquished.

Notes
Turn   | Place    | Note
-------+----------+-------------------------------------------
     0 | D:1      | GigaChad the Minotaur Fighter began the quest for the Orb.
     0 | D:1      | Reached XP level 1. HP: 19/19 MP: 0/0
   154 | D:1      | Reached XP level 2. HP: 26/27 MP: 1/1
   900 | D:2      | Reached XP level 3. HP: 33/33 MP: 2/2
  1479 | D:3      | Found Zumuceu's Armour Shoppe.
  1507 | D:3      | Noticed Robin
  1519 | D:3      | Killed Robin
  1520 | D:3      | Reached XP level 4. HP: 15/40 MP: 3/3
  1552 | D:3      | Slain by an orc

Illustrated notes

Levels and vault maps discovered:
D:1:      dpeg_arrival_snail, layout_basic
D:2:      layout_loops_ring
D:3:      kennysheep_slugbush, layout_basic,
          mainiacjoe_overflow_concentric_impassable,
          mainiacjoe_overflow_six_doors_small, chequers_ecumenical_altar_twisty,
          serial_shops, shop, minivault_19, minmay_misc_feat_cross,
          kennysheep_generic_room_5, uniq_robin

Skill      XL: |  1  2  3 |
---------------+----------+-----
Shields        | 4 |  4.2
Fighting       | 4 |  4.2
Armour         | 4 |  4.2
Axes           | 3 |  3.7
Dodging        | |  0.7

Action                   |  1- 3 |  4- 6 || total
-------------------------+-------+-------++-------
Melee: War axe           |    61 |    17 ||    78
       Headbutt          |     6 |       ||     6
  Use: Scroll            |     2 |       ||     2
Armor: Scale mail        |    40 |    16 ||    56
Dodge: Dodged            |    41 |    13 ||    54
Block: Buckler           |    20 |     4 ||    24
